AoeStats
← El Fantasma de Pancho Villa

African Clearing

506592304Analyzed
4v4 RM · 18d ago on Sep 14, 2026· 44m 14s· 8 players
Game mode
Random Map
Map size
Large (8 player)
Population
200
Speed
Normal
Resources
Standard
Victory
Conquest
Starting age
Dark Age
Ending age
Imperial Age
RankedLock teamsTeams togetherTeam positionsShared explorationLock speedFull tech treeHidden civsTurbo modeCheats
Victory
Defeat
🇲🇽 Spanish · Mexico
1082
+13
🇺🇸 Maya · United States
1061
+13
🇺🇸 Berbers · United States
1033
+15
🇲🇽 Portuguese · Mexico
997
+16
🇦🇺 Khmer · Australia
1045
-16
1005
-14
🇺🇸 Cumans · United States
991
-14
967
-13
The Trooper
4:03 Loom
21:15 Feudal Age
23:59 Fletching
34:50 Castle Age
39:29 Wheelbarrow
40:55 Wheelbarrow
40:06 Town Watch
humbertoliva
12:00 Loom
15:11 Feudal Age
19:20 Castle Age
37:13 Imperial Age
38:58 Chemistry
41:03 Wheelbarrow
40:09 Horse Collar
40:54 Heavy Plow
40:48 Double-Bit Axe
40:56 Gold Mining
40:33 Pikeman
42:23 Hand Cart
Koopa_Troopa99
6:07 Loom
15:44 Feudal Age
20:42 Castle Age
19:37 Scale Barding Armor
19:24 Stone Mining
19:27 Gold Mining
20:59 Double-Bit Axe
22:21 Stone Shaft Mining
22:28 Fletching
25:42 Town Watch
25:55 Horse Collar
27:36 Treadmill Crane
32:04 Masonry
32:16 Ballistics
32:10 Fortified Wall
33:42 Wheelbarrow
34:02 Bodkin Arrow
35:00 Forging
38:01 Bloodlines
38:24 Padded Archer Armor
39:17 Thumb Ring
39:39 Hand Cart
40:15 Kasbah
40:52 Gold Shaft Mining
42:24 Chain Barding Armor
42:41 Iron Casting
44:04 Leather Archer Armor
47:06 Imperial Age
El Fantasma de Pancho Villa
4:25 Loom
13:34 Feudal Age
17:28 Castle Age
15:37 Stone Mining
16:53 Padded Archer Armor
16:45 Fletching
17:19 Double-Bit Axe
18:29 Wheelbarrow
24:54 Leather Archer Armor
25:40 Bodkin Arrow
28:14 Ballistics
32:46 Hand Cart
37:54 Imperial Age
35:43 Horse Collar
36:27 Bow Saw
38:50 Bracer
39:21 Ring Archer Armor
39:57 Chemistry
40:11 Two-Man Saw
40:21 Elite Plumed Archer
41:56 Thumb Ring
ExiledBLEEZY420
4:07 Loom
14:11 Feudal Age
15:30 Wheelbarrow
14:49 Double-Bit Axe
24:00 Castle Age
21:57 Stone Mining
22:35 Bloodlines
22:54 Forging
22:54 Scale Mail Armor
30:57 Squires
30:44 Arson
31:01 Horse Collar
33:11 Bow Saw
33:33 Padded Archer Armor
35:19 Hand Cart
37:59 Heavy Plow
38:03 Fletching
38:29 Chain Mail Armor
38:49 Iron Casting
39:43 Scale Barding Armor
40:07 Gold Mining
44:17 Imperial Age
42:30 Bodkin Arrow
42:52 Leather Archer Armor
43:35 Pikeman
Portuguese Bombard Cannon
5:07 Loom
14:53 Feudal Age
18:11 Wheelbarrow
17:27 Double-Bit Axe
23:14 Fletching
28:21 Castle Age
KingJo
11:57 Loom
14:57 Feudal Age
15:32 Double-Bit Axe
15:11 Man-at-Arms
15:38 Double-Bit Axe
26:03 Castle Age
24:55 Forging
25:44 Stone Mining
26:05 Pikeman
26:48 Scale Mail Armor
26:50 Long Swordsman
御园莓华世界一かわい
8:48 Loom
10:46 Loom
15:37 Feudal Age
15:39 Man-at-Arms
17:42 Arson
22:28 Double-Bit Axe
31:22 Castle Age
33:15 Fletching
35:00 Double-Bit Axe
Connection lost

Rejoining the realm…

Still unreachable

The connection could not be restored.

Session expired

The server has moved on; the page needs a fresh start.